Map: Fields of Shazir

Players

Rugi - Winner!

  • Race: Zerg Zerg
  • League: Master
  • Spawn Location: 7:00

Loken - Winner!

  • Race: Protoss Protoss
  • League: Platinum
  • Spawn Location: 9:00

dallaskuken - Winner!

  • Race: Protoss Protoss
  • League: Platinum
  • Spawn Location: 9:00

DARKWORK

  • Race: Terran Terran
  • League: Diamond
  • Spawn Location: 3:00

Circada

  • Race: Zerg Zerg
  • League: Platinum
  • Spawn Location: 5:00

BigBadBob

  • Race: Zerg Zerg
  • League: Diamond
  • Spawn Location: 3:00

VOD

Have the link to the VOD?

Description

Time

  • Played on: March 30, 2017, 6:04 p.m.
  • Length: 9:55
Show
View Real Time Build Order
Export as new Build Order

Rugi Zerg - Winner!

Build Orders: Hatch First 

Get SALT Encoding   

  12  0:01  Drone  
  13  0:16  Overlord  
  13  0:21  Drone  
  14  0:35  Drone x2  
  16  0:38  Drone  
  17  0:55  Hatchery  
  16  0:58  Drone  
  16  1:01  Drone  
  18  1:08  Extractor  
  17  1:21  Spawning Pool  
  17  1:22  Drone  
  17  1:25  Drone  
  18  1:34  Drone  
  19  1:52  Overlord  
  19  2:12  Extractor  
  19  2:15  Queen x2  
  20  2:17  Zergling x4  
  20  2:18  Zergling x4  
  26  2:23  Drone  
  26  2:27  Spine Crawler  
  26  2:28  Drone  
  28  2:30  Drone  
  29  2:39  Drone  
  30  2:47  Metabolic Boost  
  31  2:52  Spine Crawler  
  31  3:07  Drone x2  
  31  3:09  Zergling x6  
  36  3:14  Overlord  
  36  3:16  Spore Crawler  
  36  3:18  Drone  
  37  3:29  Overlord  
  37  3:34  Drone x6  
  38  3:40  Drone  
  44  4:03  Drone  
  44  4:04  Drone x5  
  44  4:06  Lair  
  44  4:07  Drone x2  
  44  4:09  Extractor x2, Overlord x2  
  49  4:11  Drone  
  48  4:19  Drone x2  
  50  4:28  Drone  
  50  4:31  Hatchery  
  50  4:37  Drone x3  
  50  4:38  Drone, Extractor  
  53  4:41  Zergling x2  
  53  4:42  Zergling x4  
  54  5:11  Drone x8  
  54  5:12  Drone x4  
  66  5:16  Spore Crawler  
  66  5:17  Overseer  
  65  5:37  Extractor  
  65  5:39  Extractor  
  65  5:40  Drone  
  65  5:41  Drone x4  
  68  5:46  Overlord x4  
  68  5:54  Overlord x2  
  68  5:58  Drone, Spire  
  68  6:02  Overlord  
  70  6:12  Queen  
  72  6:20  Drone x2  
  61  6:28  Zergling x8  
  61  6:29  Zergling x12  
  64  7:15  Mutalisk  
  63  7:16  Mutalisk x8  
  63  7:21  Mutalisk  
  79  7:34  Mutalisk x3  
  85  7:43  Mutalisk  
  87  7:45  Mutalisk  
  87  7:50  Zerg Flyer Weapons Level 1  
  87  7:51  Mutalisk  
  89  7:55  Hatchery, Mutalisk x3  
  96  8:15  Drone  
  97  8:21  Zergling x2  
  97  8:22  Zergling x2  
  97  8:25  Overlord x3  
  97  8:26  Overlord x2  
  99  8:34  Overseer  
  99  8:35  Overlord  
  95  8:54  Mutalisk x3  
  95  8:55  Mutalisk x3  
  101  9:06  Mutalisk  
  103  9:16  Zergling x2  
  104  9:17  Zergling x12  
Show
View Real Time Build Order
Export as new Build Order

Loken Protoss - Winner!

Build Orders: Cannon Rush 

Get SALT Encoding   

  12  0:01  Probe (Chrono Boost)  
  13  0:13  Probe (Chrono Boost)  
  14  0:22  Pylon  
  14  0:28  Probe (Chrono Boost)  
  15  0:40  Probe (Chrono Boost)  
  16  0:46  Forge  
  16  0:51  Probe (Chrono Boost)  
  17  1:11  Probe (Chrono Boost)  
  18  1:16  Pylon  
  18  1:21  Probe (Chrono Boost)  
  19  1:37  Photon Cannon  
  19  1:41  Photon Cannon  
  19  1:46  Photon Cannon  
  19  1:50  Photon Cannon  
  19  1:53  Pylon  
  19  1:59  Photon Cannon  
  19  2:03  Photon Cannon  
  19  2:27  Photon Cannon  
  19  2:29  Photon Cannon  
  19  2:32  Photon Cannon  
  19  2:40  Gateway  
  19  2:46  Pylon  
  19  2:56  Probe (Chrono Boost)  
  20  3:06  Probe (Chrono Boost)  
  21  3:17  Probe (Chrono Boost)  
  22  3:20  Photon Cannon  
  22  3:21  Photon Cannon  
  22  3:27  Probe (Chrono Boost)  
  22  3:29  Photon Cannon  
  22  3:33  Pylon  
  23  3:41  Zealot  
  25  3:47  Assimilator  
  25  3:52  Assimilator  
  25  3:57  Cybernetics Core  
  25  4:12  Zealot  
  27  4:26  Nexus  
  27  4:39  Zealot  
  27  4:42  Probe (Chrono Boost)  
  30  4:52  Probe (Chrono Boost)  
  29  5:08  Pylon  
  29  5:10  Warp Gate  
  29  5:16  Stalker  
  31  5:24  Gateway  
  31  5:27  Gateway  
  31  5:30  Gateway  
  31  5:33  Gateway  
  29  5:39  Probe (Chrono Boost)  
  30  5:49  Probe (Chrono Boost)  
  31  5:55  Protoss Ground Weapons Level 1  
  31  6:00  Pylon, Probe (Chrono Boost)  
  32  6:15  Twilight Council  
  32  6:23  Probe (Chrono Boost)  
  33  6:34  Probe (Chrono Boost)  
  34  6:44  Probe (Chrono Boost)  
  24  6:55  Probe (Chrono Boost)  
  23  7:05  Probe (Chrono Boost)  
  22  7:18  Stalker  
  22  7:19  Stalker x3  
  29  8:00  Stalker  
  29  8:04  Pylon  
  30  8:21  Pylon  
  30  8:30  Zealot x2  
  30  8:31  Zealot x2  
  38  8:53  Nexus  
  38  9:10  Nexus  
  38  9:32  Assimilator  
  38  9:35  Assimilator  
  39  9:39  Assimilator, Probe (Chrono Boost)  
  39  9:45  Assimilator  
Show
View Real Time Build Order
Export as new Build Order

dallaskuken Protoss - Winner!

Build Orders:  

Get SALT Encoding   

  12  0:01  Probe (Chrono Boost)  
  13  0:16  Probe (Chrono Boost)  
  13  0:19  Pylon  
  14  0:38  Forge  
  14  0:53  Pylon  
  14  1:03  Probe (Chrono Boost)  
  15  1:13  Probe (Chrono Boost)  
  15  1:17  Photon Cannon  
  16  1:24  Probe (Chrono Boost)  
  16  1:46  Probe (Chrono Boost)  
  16  1:47  Pylon  
  17  1:48  Nexus  
  17  1:57  Probe (Chrono Boost)  
  18  2:07  Probe (Chrono Boost)  
  19  2:18  Probe (Chrono Boost)  
  20  2:33  Assimilator  
  20  2:36  Gateway  
  20  2:37  Gateway  
  20  2:38  Assimilator  
  20  2:41  Pylon  
  20  2:48  Probe (Chrono Boost)  
  21  2:59  Probe (Chrono Boost)  
  22  3:08  Pylon  
  22  3:09  Probe (Chrono Boost)  
  22  3:10  Probe (Chrono Boost)  
  25  3:20  Photon Cannon, Probe x2 (Chrono Boost)  
  26  3:30  Probe (Chrono Boost)  
  27  3:35  Photon Cannon  
  27  3:40  Cybernetics Core  
  27  3:41  Probe (Chrono Boost)  
  28  3:50  Probe (Chrono Boost)  
  28  3:51  Probe (Chrono Boost)  
  30  4:00  Probe (Chrono Boost)  
  30  4:02  Probe (Chrono Boost)  
  32  4:05  Warp Gate  
  32  4:10  Pylon  
  32  4:12  Probe (Chrono Boost)  
  33  4:23  Probe (Chrono Boost)  
  34  4:29  Nexus  
  34  4:33  Probe (Chrono Boost)  
  34  4:35  Pylon  
  35  4:44  Probe (Chrono Boost)  
  37  4:46  Probe (Chrono Boost)  
  37  4:52  Photon Cannon  
  37  4:54  Probe (Chrono Boost)  
  37  4:57  Photon Cannon  
  37  4:59  Probe (Chrono Boost)  
  39  5:03  Photon Cannon  
  39  5:05  Probe (Chrono Boost)  
  40  5:11  Probe (Chrono Boost)  
  40  5:12  Pylon  
  41  5:16  Probe (Chrono Boost)  
  41  5:17  Assimilator  
  42  5:22  Assimilator  
  42  5:23  Stargate  
  42  5:26  Probe (Chrono Boost)  
  43  5:31  Photon Cannon  
  43  5:49  Probe (Chrono Boost)  
  44  6:00  Probe (Chrono Boost)  
  44  6:01  Probe (Chrono Boost)  
  46  6:06  Photon Cannon  
  46  6:09  Photon Cannon  
  46  6:10  Photon Cannon  
  47  6:11  Probe (Chrono Boost)  
  47  6:16  Pylon  
  47  6:17  Pylon  
  47  6:19  Pylon  
  47  6:22  Probe (Chrono Boost)  
  48  6:27  Void Ray  
  48  6:32  Probe (Chrono Boost)  
  53  6:43  Probe (Chrono Boost)  
  53  6:46  Stargate  
  54  6:47  Stargate  
  54  6:50  Stargate  
  54  6:53  Probe (Chrono Boost)  
  55  7:04  Probe (Chrono Boost)  
  56  7:09  Void Ray  
  56  7:14  Probe (Chrono Boost)  
  61  7:25  Probe (Chrono Boost)  
  62  7:33  Void Ray  
  62  7:34  Void Ray  
  62  7:35  Probe (Chrono Boost)  
  63  7:37  Fleet Beacon  
  63  7:38  Void Ray  
  75  7:47  Probe (Chrono Boost)  
  75  7:50  Phoenix  
  79  7:59  Probe (Chrono Boost)  
  79  8:05  Mothership Core (Chrono Boost)  
  81  8:09  Void Ray  
  81  8:11  Probe (Chrono Boost)  
  82  8:13  Void Ray  
  82  8:14  Void Ray  
  94  8:21  Photon Cannon x2  
  94  8:23  Probe (Chrono Boost)  
  94  8:24  Photon Cannon  
  95  8:27  Photon Cannon  
  101  8:49  Assimilator  
  101  8:55  Assimilator  
  113  9:29  Probe (Chrono Boost)  
  120  9:41  Probe (Chrono Boost)  
Show
View Real Time Build Order
Export as new Build Order

DARKWORK Terran 

Build Orders:  

Get SALT Encoding   

  12  0:07  SCV  
  13  0:20  SCV  
  14  0:22  Supply Depot  
  14  0:32  SCV  
  15  0:45  Barracks  
  15  0:49  SCV  
  16  1:15  SCV  
  17  1:27  SCV  
  18  1:35  Marine  
  18  1:38  Command Center  
  19  1:41  Supply Depot  
  19  1:45  SCV  
  20  1:49  Refinery  
  20  2:20  SCV  
  21  2:29  Barracks  
  21  2:32  SCV, Refinery  
  22  2:49  Orbital Command  
  22  2:51  Barracks Reactor  
  22  3:06  Orbital Command  
  22  3:15  SCV  
  23  3:20  Factory  
  23  3:22  Barracks Tech Lab  
  24  3:27  SCV  
  24  3:39  SCV  
  25  3:42  Marine x2  
  25  3:45  SCV  
  28  3:49  Refinery  
  28  3:51  SCV  
  29  3:56  Stimpack  
  29  3:57  SCV, Marine  
  29  4:00  Marine  
  29  4:02  Marine  
  33  4:03  SCV  
  35  4:10  SCV  
  35  4:13  Supply Depot  
  35  4:15  SCV  
  36  4:22  SCV  
  36  4:23  Factory Reactor  
  37  4:25  Starport  
  37  4:26  Marine x3  
  37  4:27  SCV  
  41  4:34  SCV  
  41  4:35  Barracks, Supply Depot  
  42  4:39  SCV  
  42  4:44  Marine  
  44  4:51  SCV  
  45  5:05  Marine x3  
  48  5:07  SCV x2  
  50  5:19  SCV  
  50  5:21  Medivac x2  
  53  5:22  Marine  
  53  5:23  Marine x2  
  53  5:26  Command Center  
  58  5:29  SCV  
  58  5:32  Factory Tech Lab  
  59  5:36  SCV  
  59  5:38  Supply Depot  
  59  5:40  Marine  
  61  5:50  Marine  
  63  5:58  Marine  
  63  6:00  SCV x2  
  63  6:04  Marauder, Medivac x2  
  67  6:06  Siege Tank  
  67  6:08  Marine  
  75  6:12  SCV  
  75  6:16  Marine  
  73  7:44  Marauder, Marine x2  
  75  7:46  Siege Tank  
  80  7:54  Refinery  
  80  7:56  Starport  
  80  7:58  Starport  
  80  8:02  Marine x2  
  80  8:05  Marauder  
  84  8:06  SCV x2  
  84  8:09  Refinery  
  86  8:19  Marine  
  86  8:21  Refinery  
  86  8:26  Marauder  
  89  8:29  SCV  
  90  8:37  Viking  
  92  8:46  Viking  
  92  8:48  Marauder  
Show
View Real Time Build Order
Export as new Build Order

Circada Zerg 

Build Orders: Pool First 

Get SALT Encoding   

  12  0:01  Drone  
  13  0:13  Overlord  
  13  0:18  Drone  
  14  0:32  Drone  
  14  0:33  Drone  
  16  0:36  Drone  
  16  0:39  Extractor  
  16  0:46  Drone  
  17  0:55  Spawning Pool  
  16  1:17  Drone x2  
  18  1:19  Drone  
  19  1:37  Overlord  
  19  1:40  Hatchery  
  19  1:46  Zergling x2  
  19  1:59  Zergling x2  
  20  2:15  Zergling x4  
  20  2:21  Queen  
  20  2:29  Zergling x2  
  19  2:36  Spine Crawler  
  18  2:53  Drone  
  18  2:54  Drone x2  
  21  3:11  Drone x2  
  21  3:12  Drone  
  24  3:15  Extractor  
  22  3:21  Overlord  
  22  3:28  Overlord  
  21  3:43  Roach Warren  
  21  3:45  Drone  
  21  3:59  Drone x3  
  23  4:08  Zergling x2  
  21  4:24  Roach x3  
  27  4:32  Roach  
  29  4:39  Roach  
  31  4:53  Overlord x2  
  31  5:11  Roach x2  
  35  5:17  Lair  
  35  5:19  Roach  
  37  5:27  Roach  
  38  5:38  Roach  
  40  5:50  Drone  
  40  5:51  Drone x2  
  40  5:55  Drone  
  40  5:56  Evolution Chamber  
  43  6:06  Roach  
  45  6:22  Glial Reconstitution  
  45  6:33  Overlord x2  
  45  6:39  Zerg Missile Weapons Level 1  
  45  6:44  Hatchery  
  44  6:58  Zergling x8  
  44  6:59  Zergling x2  
  31  7:19  Roach  
  31  7:20  Roach  
  35  7:26  Roach  
  37  7:43  Roach x4  
  45  7:49  Drone  
  46  7:56  Queen  
  48  8:07  Metabolic Boost  
  48  8:09  Drone  
  48  8:10  Drone  
  50  8:13  Drone  
  50  8:16  Drone  
  52  8:20  Drone  
  52  8:24  Drone  
  54  8:46  Spore Crawler  
  52  8:50  Spore Crawler x2  
  52  8:52  Drone  
  52  8:53  Drone  
  52  8:54  Spore Crawler  
  51  8:56  Drone x2  
  51  8:57  Drone x4  
  57  9:12  Roach x2  
  60  9:22  Drone x2  
  58  9:28  Spire  
  58  9:31  Spore Crawler  
  39  9:32  Drone, Spore Crawler  
  39  9:33  Drone  
  40  9:38  Drone  
  40  9:39  Hydralisk Den  
  40  9:42  Drone  
Show
View Real Time Build Order
Export as new Build Order

BigBadBob Zerg 

Build Orders: Hatch First 

Get SALT Encoding   

  12  0:02  Drone  
  13  0:09  Drone  
  14  0:25  Overlord  
  14  0:30  Drone, Extractor  
  14  0:31  Drone, Extractor  
  16  0:44  Drone  
  17  1:00  Hatchery  
  16  1:13  Drone  
  16  1:14  Extractor  
  16  1:21  Spawning Pool  
  15  1:45  Drone x2  
  15  1:46  Drone  
  16  2:16  Zergling x6  
  18  2:23  Zergling x4  
  19  2:32  Metabolic Boost  
  16  2:51  Drone x3  
  18  3:02  Drone  
  19  3:11  Roach Warren  
  17  3:21  Drone  
  18  3:28  Extractor  
  18  3:35  Drone x2  
  18  3:36  Extractor  
  17  4:00  Zergling x4  
  19  4:14  Roach  
  21  4:21  Overlord  
  21  4:25  Spore Crawler  
  21  4:30  Roach  
  23  4:47  Ravager  
  23  4:49  Roach x2  
  25  5:12  Ravager x3  
  27  5:34  Drone  
  27  5:35  Drone  
  29  5:37  Overlord  
  29  5:50  Overlord  
  29  5:55  Queen  
  31  6:02  Roach  
  33  6:25  Hatchery  
  32  6:40  Queen  
  33  7:10  Drone x2  
  35  7:18  Drone x3  
  35  7:19  Drone  
  39  7:24  Queen  
  41  7:35  Hatchery  
  40  7:41  Overlord  
  40  7:44  Drone  
  41  7:52  Drone x2  
  41  7:55  Ravager  
  44  8:05  Lair  
  44  8:07  Drone  
  44  8:10  Zergling x2  
  44  8:12  Drone  
  47  8:21  Zergling x4  
  47  8:22  Drone x2  
  47  8:24  Drone  
  51  8:41  Overlord  
Tags
 
Add a new tag
Caveats
  • Supply blocks, unpowered buildings, or Contaminate may cause inaccurate times.
  • Supply counts are checked every 10 seconds.